Map: Romanticide LE

Players

LiquidMaNa (MaNa)

  • Race: Protoss Protoss
  • League: Grandmaster

soul - Winner!

  • Race: Terran Terran
  • League: Grandmaster

Event: DreamHack SC2 Masters 2021 Summer

VOD

Have the link to the VOD?

Description

Time

  • Played on: May 26, 2021, 12:56 p.m.
  • Length: 11:26

All games in this series

Show
View Real Time Build Order
Export as new Build Order

LiquidMaNa Protoss 

Build Orders: 1 Gate Expand, Oracle Opening, Phoenix Opening 

Get SALT Encoding   

  12  0:00  Probe  
  13  0:12  Probe  
  14  0:17  Pylon  
  14  0:24  Probe  
  15  0:35  Gateway  
  15  0:36  Probe (Chrono Boost)  
  16  0:46  Probe (Chrono Boost), Assimilator  
  17  0:51  Probe (Chrono Boost)  
  18  1:03  Probe  
  19  1:15  Probe  
  20  1:22  Cybernetics Core  
  20  1:35  Nexus  
  20  1:42  Pylon  
  20  1:44  Probe  
  21  1:51  Assimilator  
  21  1:56  Probe  
  21  1:57  Adept (Chrono Boost)  
  24  2:03  Warp Gate  
  24  2:08  Probe  
  24  2:13  Pylon  
  25  2:20  Probe  
  25  2:21  Adept (Chrono Boost)  
  28  2:33  Probe  
  28  2:37  Stargate  
  29  2:45  Probe  
  29  2:47  Adept  
  29  2:48  Probe  
  33  2:57  Probe  
  34  3:01  Probe  
  35  3:09  Probe  
  36  3:13  Probe  
  36  3:17  Oracle (Chrono Boost)  
  37  3:21  Probe  
  37  3:25  Probe  
  43  3:35  Probe (Chrono Boost)  
  43  3:36  Gateway  
  43  3:37  Probe (Chrono Boost)  
  43  3:38  Gateway  
  46  3:48  Probe (Chrono Boost)  
  46  3:50  Probe (Chrono Boost)  
  46  3:53  Probe (Chrono Boost)  
  46  3:54  Phoenix  
  49  3:57  Probe, Pylon  
  50  4:05  Nexus  
  50  4:07  Probe (Chrono Boost)  
  51  4:16  Probe (Chrono Boost)  
  53  4:17  Assimilator  
  53  4:18  Probe (Chrono Boost)  
  53  4:20  Assimilator  
  54  4:24  Probe (Chrono Boost)  
  54  4:25  Probe (Chrono Boost)  
  54  4:27  Pylon  
  55  4:35  Probe  
  55  4:36  Probe  
  55  4:40  Adept x3  
  61  4:47  Probe  
  61  4:48  Probe  
  63  4:53  Forge, Robotics Facility  
  64  5:00  Probe  
  64  5:03  Adept x3  
  70  5:10  Pylon  
  70  5:17  Probe x2, Pylon  
  70  5:19  Probe  
  73  5:29  Probe x2  
  73  5:31  Probe  
  73  5:33  Protoss Ground Armor Level 1  
  76  5:41  Probe x2  
  78  5:43  Probe  
  78  5:49  Robotics Bay  
  75  5:50  Immortal  
  75  5:52  Robotics Facility  
  75  5:53  Probe x2  
  75  5:55  Probe  
  75  5:56  Sentry x3  
  88  6:05  Probe x2  
  88  6:08  Probe  
  91  6:12  Gateway  
  91  6:13  Gateway  
  91  6:17  Probe x2  
  93  6:19  Pylon  
  93  6:20  Probe  
  93  6:21  Pylon  
  93  6:25  Twilight Council  
  94  6:26  Assimilator  
  94  6:27  Assimilator  
  94  6:31  Pylon  
  94  6:32  Colossus (Chrono Boost)  
  94  6:36  Extended Thermal Lance  
  100  6:44  Colossus (Chrono Boost)  
  106  6:51  Phoenix  
  108  6:57  Gateway x2  
  108  6:58  Gateway  
  108  7:00  Charge  
  108  7:03  Probe  
  108  7:04  Probe  
  108  7:05  Probe  
  108  7:08  Zealot x2  
  115  7:15  Colossus (Chrono Boost)  
  115  7:19  Pylon  
  123  7:30  Warp Prism (Chrono Boost)  
  123  7:32  Protoss Ground Weapons Level 1, Pylon  
  123  7:34  Pylon  
  123  7:38  Nexus  
  123  7:43  Templar Archives  
  123  7:46  Photon Cannon  
  123  7:52  Shield Battery  
  123  7:54  Zealot x3  
  129  8:08  Zealot x5  
  139  8:17  Pylon  
  139  8:19  Pylon  
  137  8:38  High Templar x2  
  137  8:39  High Templar x4  
  137  8:40  Zealot x2  
  153  8:43  Archon  
  153  8:44  Archon x2  
  153  8:47  Photon Cannon  
  146  8:57  Photon Cannon  
  121  9:28  Zealot x5  
  119  9:37  Colossus (Chrono Boost)  
  119  9:38  Nexus  
  117  9:55  Pylon  
  117  10:12  Colossus (Chrono Boost)  
  123  10:17  Pylon  
  123  10:18  Pylon  
  123  10:22  Pylon  
  123  10:29  Nexus  
  123  10:31  Pylon  
  123  10:38  High Templar  
  123  10:39  High Templar x3, Zealot  
  123  10:42  Zealot  
  135  10:43  Archon x2  
  135  10:55  Photon Cannon  
  133  11:16  Zealot x5  
Show
View Real Time Build Order
Export as new Build Order

soul Terran - Winner!

Build Orders:  

Get SALT Encoding   

  12  0:00  SCV  
  13  0:12  SCV  
  14  0:17  Supply Depot  
  14  0:25  SCV  
  15  0:38  SCV  
  15  0:40  Barracks  
  16  0:44  Refinery  
  16  0:50  SCV  
  17  1:03  SCV  
  18  1:15  SCV  
  19  1:26  Marine  
  19  1:27  Orbital Command  
  20  1:45  Command Center  
  21  1:47  Reaper  
  21  1:53  SCV, Supply Depot  
  22  2:05  SCV  
  23  2:10  Factory  
  23  2:17  SCV  
  23  2:20  Bunker  
  23  2:21  Marine  
  25  2:29  SCV  
  26  2:41  Barracks Reactor, SCV  
  27  2:57  Orbital Command  
  27  2:58  SCV  
  30  3:03  Factory Tech Lab  
  28  3:09  Command Center  
  28  3:10  SCV  
  29  3:17  Marine x2  
  31  3:23  SCV  
  31  3:25  Cyclone  
  31  3:26  SCV  
  35  3:35  SCV, Marine x2  
  35  3:37  Supply Depot  
  35  3:39  SCV  
  39  3:47  SCV  
  40  3:51  SCV  
  40  3:53  Barracks, Engineering Bay  
  41  3:58  Cyclone  
  41  3:59  SCV  
  45  4:03  SCV  
  45  4:04  Marine  
  45  4:08  Refinery  
  47  4:10  Supply Depot  
  47  4:11  SCV  
  47  4:15  SCV  
  49  4:18  Marine  
  49  4:21  Missile Turret  
  49  4:23  Orbital Command  
  49  4:24  SCV  
  51  4:27  SCV  
  52  4:34  Marine  
  52  4:35  Refinery  
  52  4:36  SCV, Marine  
  55  4:40  SCV  
  55  4:45  Barracks  
  55  4:48  Starport, SCV, Factory Tech Lab  
  55  4:51  Refinery, Stimpack  
  56  4:53  SCV  
  56  4:54  SCV  
  58  5:00  SCV, Missile Turret  
  58  5:05  SCV  
  60  5:08  Engineering Bay  
  60  5:10  Supply Depot  
  60  5:12  Siege Tank  
  63  5:15  SCV  
  63  5:17  SCV  
  63  5:19  Orbital Command  
  65  5:25  Starport Reactor  
  65  5:27  SCV  
  66  5:29  SCV, Barracks  
  66  5:30  Barracks  
  66  5:34  Barracks Tech Lab  
  67  5:35  Terran Infantry Weapons Level 1  
  67  5:39  SCV  
  67  5:41  SCV, Marauder  
  67  5:42  Supply Depot  
  68  5:43  Marine  
  66  5:50  Orbital Command  
  66  5:51  SCV, Siege Tank  
  66  5:52  Marine  
  66  5:53  SCV  
  66  5:54  Combat Shield  
  66  5:56  Marine  
  73  6:00  Marine  
  73  6:02  Marauder, Supply Depot  
  73  6:04  SCV, Supply Depot  
  77  6:09  Marine  
  78  6:14  Terran Infantry Armor Level 1, Marauder  
  78  6:15  SCV  
  78  6:16  SCV x2  
  83  6:19  Medivac  
  83  6:25  Supply Depot  
  85  6:27  SCV, Medivac, Supply Depot  
  85  6:28  SCV  
  85  6:31  SCV  
  90  6:34  Barracks Reactor, Barracks Tech Lab  
  90  6:35  Concussive Shells  
  90  6:39  SCV, Missile Turret  
  91  6:40  SCV  
  91  6:42  Bunker  
  91  6:43  SCV  
  91  6:44  Refinery  
  91  6:45  Refinery  
  91  6:46  Marauder  
  95  6:50  Marauder  
  95  6:51  SCV  
  95  6:53  SCV  
  99  6:55  SCV  
  100  7:04  SCV, Armory  
  100  7:05  SCV  
  100  7:07  Barracks Reactor, SCV, Marauder x2  
  107  7:12  Marauder  
  107  7:13  Medivac  
  110  7:15  Marine  
  110  7:17  Marine  
  110  7:22  Medivac  
  114  7:24  Widow Mine  
  114  7:25  Widow Mine  
  114  7:28  Marauder, Marine  
  121  7:31  Command Center  
  121  7:33  Marauder  
  121  7:34  Missile Turret  
  121  7:35  Marine  
  121  7:36  Supply Depot x2  
  121  7:37  Marine  
  125  7:57  Marine x2  
  125  7:58  Widow Mine x2, Marauder x3, Marine x2, Medivac  
  141  7:59  Ghost Academy  
  141  8:00  Supply Depot  
  141  8:01  Supply Depot  
  141  8:18  Supply Depot  
  141  8:19  Terran Infantry Weapons Level 2, Marine x3, Supply Depot  
  148  8:20  Widow Mine x2, Marine  
  148  8:21  Supply Depot  
  148  8:22  Marauder x3, Medivac  
  148  8:25  Terran Infantry Armor Level 2  
  156  8:32  Enhanced Shockwaves  
  156  8:37  Marine x3  
  156  8:38  Medivac  
  156  8:41  Widow Mine, Marine  
  164  8:43  Marine, Ghost  
  164  8:44  Marauder  
  168  8:53  Medivac  
  168  8:55  Marine x3  
  175  8:56  Widow Mine  
  175  8:58  Marine  
  175  9:01  Marauder  
  177  9:02  Widow Mine  
  177  9:05  Marauder  
  160  9:12  Marine  
  160  9:13  Marine x3  
  160  9:14  Viking  
  160  9:16  Marine  
  151  9:20  Orbital Command  
  151  9:22  Marine  
  151  9:23  Viking  
  146  9:26  Marine  
  146  9:29  Marine  
  146  9:30  Marine  
  126  9:32  Marine  
  126  9:33  Marine  
  126  9:34  SCV x2  
  126  9:37  Marine  
  125  9:41  Marauder  
  127  9:46  SCV  
  127  9:47  SCV  
  127  9:50  Bunker  
  127  9:51  SCV  
  127  9:52  Bunker  
  128  9:55  Viking  
  128  9:58  SCV  
  128  9:59  SCV  
  132  10:03  SCV  
  132  10:04  Viking  
  135  10:10  SCV  
  135  10:11  SCV  
  137  10:15  SCV  
  137  10:16  Ghost  
  137  10:17  Planetary Fortress  
  140  10:23  SCV x2  
  140  10:25  Viking  
  140  10:27  SCV  
  145  10:31  Ghost  
  145  10:33  Ghost  
  145  10:34  Viking  
  145  10:35  SCV x2  
  153  10:39  SCV  
  154  10:46  Marauder  
  154  10:47  SCV  
  157  10:52  SCV  
  157  10:55  Viking  
  157  10:56  Marine x2  
  162  10:59  Marine  
  162  11:00  Starport, Marine  
  162  11:03  Marauder  
Tags
 
Add a new tag
Caveats
  • Supply blocks, unpowered buildings, or Contaminate may cause inaccurate times.
  • Supply counts are checked every 10 seconds.